 Dungeon Crawl Stone Soup version 0.26-a0-812-g31a745ddcd (webtiles) character file.

Game seed: 78779905921126305

44 urnamphora the Vandal (level 3, -1/24 HPs)
             Began as a Halfling Hunter on Nov 25, 2020.
             Succumbed to Sigmund's poison
             ... on level 2 of the Dungeon.
             The game lasted 00:13:29 (822 turns).

urnamphora the Vandal (Halfling Hunter)              Turns: 822, Time: 00:13:29

Health: -1/24      AC:  6    Str: 13    XL:     3   Next: 87%
Magic:  3/3        EV: 15    Int:  9    God:
Gold:   74         SH:  0    Dex: 15    Spells: 2/2 levels left

rFire    . . .     SeeInvis .   a - +1 hunting sling
rCold    . . .     Faith    .   (shield restricted)
rNeg     . . .     Spirit   .   c - +0 leather armour
rPois    .         Reflect  .   g - +1 helmet
rElec    .         Harm     .   (no cloak)
rCorr    .         Rampage  .   h - +0 pair of gloves
MR       .....                  (no boots)
Stlth    ++........             (no amulet)
HPRegen  0.08/turn              (no ring)
MPRegen  0.08/turn              (no ring)

@: lethally poisoned (-1 -> -27)
A: small, mutation resistance 1
a: no special abilities


You were on level 2 of the Dungeon.
You visited 1 branch of the dungeon, and saw 2 of its levels.

You collected 74 gold pieces.

Inventory:

Hand Weapons
 a - a +1 hunting sling (weapon)
 b - a +0 short sword
 e - a +0 club
Missiles
 d - 37 sling bullets (quivered)
 l - 43 stones
Armour
 c - a +0 leather armour (worn)
 g - a +1 helmet (worn)
 h - a +0 pair of gloves (worn)
 n - a +0 robe
Scrolls
 j - 2 scrolls of magic mapping {unknown}
 k - a scroll of random uselessness {unknown}
 m - a scroll of identify {unknown}
Potions
 f - a potion of might {unknown}
 i - a potion of lignification {unknown}
 o - a potion of haste {unknown}


   Skills:
 + Level 2.2 Fighting
 + Level 6.4 Slings
 + Level 2.8 Dodging
 + Level 2.0 Stealth


You had 2 spell levels left.
You didn't know any spells.
Your spell library was empty.

Dungeon Overview and Level Annotations

Branches:
Dungeon (2/15)

Altars:

Annotations:
D:2 Sigmund


Innate Abilities, Weirdness & Mutations

You are small and have problems with some larger weapons.
You are somewhat resistant to further mutation.


Message History

Firing (i - inventory. (/) - cycle)
d - 39 sling bullets (quivered)
Press: ? - help, Shift-Dir - straight line You shoot a sling bullet.
Something hits you!
You are poisoned.
Firing (i - inventory. (/) - cycle)
d - 38 sling bullets (quivered)
Press: ? - help, Shift-Dir - straight line You shoot a sling bullet.
You feel sick.
You clumsily bash something but do no damage.
You feel sick. Something hits you!
* * * LOW HITPOINT WARNING * * *
You are more poisoned.
Press: ? - help, v - describe, . - travel The floor.
There is a lethal amount of poison in your body!
Press: ? - help, v - describe, . - travel The floor.
* * * LOW HITPOINT WARNING * * *
You feel sick. Something hits you but does no damage.
You are more poisoned.
You die...

#..# .# ....## ## #..#
.# .#... .... #.
..##.##..# #. (.... #>
###........# .....
#.##......# .#.#
.....###...##.#.###.#.##
......#..####.........#.
......#.## #...........
.......@.# #...........
######{..# #.......)...
#.(.# #........... #[..#
#........... #####
#...........
#...........
###......... ##.....##.
#########


There were no monsters in sight!

Vanquished Creatures
  An adder (D:2)
  A worm (D:2)
  A dart slug (D:1)
  A leopard gecko (D:1)
  6 bats
  2 giant cockroaches (D:1)
  3 goblins (D:1)
  6 hobgoblins
  A kobold (D:1)
  5 rats (D:1)
27 creatures vanquished.

Notes
Turn   | Place    | Note
-------+----------+-------------------------------------------
     0 | D:1      | urnamphora the Halfling Hunter began the quest for the Orb.
     0 | D:1      | Reached XP level 1. HP: 14/14 MP: 1/1
    66 | D:1      | Reached skill level 6 in Slings
   132 | D:1      | Reached XP level 2. HP: 19/19 MP: 2/2
   468 | D:1      | Reached XP level 3. HP: 24/24 MP: 3/3
   807 | D:2      | Noticed Sigmund
   821 | D:2      | HP: 1/24 [poisoned by Sigmund]
   822 | D:2      | Succumbed to Sigmund's poison

Illustrated notes

Levels and vault maps discovered:
D:1:      grunt_arrival_crossed_arrows, layout_loops_ring
D:2:      layout_rooms, nicolae_tso_carved_into_rock, uniq_sigmund

Skill      XL: |  1  2  3 |
---------------+----------+-----
Slings         | 6 |  6.4
Fighting       | 2 |  2.2
Stealth        | 2 |  2.0
Dodging        | |  2.8

Action                   || total
-------------------------++-------
Melee: Hunting sling     ||     1
 Fire: Hunting sling     ||    69
Armor: Leather armour    ||     5
Dodge: Dodged            ||    11

Table legend: (Time is in decaauts)
 A = Elapsed time spent in this place.
 B = Non-inter-level travel time spent in this place.
 C = Inter-level travel time spent in this place.
 D = Time resting spent in this place.
 E = Time spent auto-exploring this place.
 F = Levels seen in this place.
 G = Mean time per level.
                   A        B        C        D        E       F      G
               +--------+--------+--------+--------+--------+-----+--------+
         Total |    814 |    814 |      0 |      0 |    358 |   2 |  407.0 |
       Dungeon |    814 |    814 |      0 |      0 |    358 |   2 |  407.0 |
               +--------+--------+--------+--------+--------+-----+--------+

Top non-repeatable levels by time:
     D:1: 711 daAuts
     D:2: 103 daAuts
